 Dungeon Crawl Stone Soup version 0.26.1 (webtiles) character file.

Game seed: 5535892182560877080

65 teolandon225 the Sneak (level 3, 0/16 HPs)
             Began as a Spriggan Enchanter on Feb 5, 2021.
             Succumbed to a kobold's poison
             ... on level 2 of the Dungeon.
             The game lasted 00:03:10 (2368 turns).

teolandon225 the Sneak (Spriggan Enchanter)         Turns: 2368, Time: 00:03:11

Health: 0/16       AC:  2    Str:  4    XL:     3   Next: 92%
Magic:  1/8        EV: 19    Int: 17    God:
Gold:   44         SH:  0    Dex: 16    Spells: 1/7 levels left

rFire    . . .     SeeInvis +   a - +1 dagger
rCold    . . .     Faith    .   (shield restricted)
rNeg     . . .     Spirit   .   b - +0 robe
rPois    .         Reflect  .   (helmet restricted)
rElec    .         Harm     .   (no cloak)
rCorr    .         Rampage  .   (gloves unavailable)
Will     .....                  (boots unavailable)
Stlth    +++.......             (no amulet)
HPRegen  0.05/turn              (no ring)
MPRegen  0.11/turn              (no ring)

@: lethally poisoned (0 -> -9), very quick
A: very small, unfitting armour, see invisible, speed 3
a: no special abilities


You were on level 2 of the Dungeon.
You visited 1 branch of the dungeon, and saw 2 of its levels.

You collected 44 gold pieces.

Inventory:

Hand Weapons
 a - a +1 dagger (weapon)
Armour
 b - a +0 robe (worn)
 e - a +0 buckler
 j - a +2 buckler
Jewellery
 h - a cursed ring of poison resistance {unknown}
Scrolls
 d - a scroll of identify {unknown}
 f - a scroll of enchant weapon {unknown}
 l - a scroll of teleportation {unknown}
 o - a scroll of fear {unknown}
Potions
 c - 2 potions of haste {unknown}
 g - a potion of resistance {unknown}
 i - a potion of ambrosia {unknown}
 k - a potion of degeneration {unknown}
 m - a potion of curing {unknown}
 n - a potion of lignification {unknown}
 p - a potion of berserk rage {unknown}


   Skills:
 - Level 1.1 Short Blades
 + Level 3.8 Dodging
 * Level 5.9 Stealth
 - Level 2.6 Spellcasting
 * Level 4.6 Hexes


You had one spell level left.
You knew the following spells:

 Your Spells              Type           Power        Failure   Level
q - Ensorcelled Hibernat  Hex/Ice        20%          11%         2
r - Corona                Hex            20%          2%          1
w - Confusing Touch       Hex            18%          9%          3

Your spell library contained the following spells:

 Spells                   Type           Power        Failure   Level
 Tukima's Dance           Hex            18%          9%          3
 Dazzling Flash           Conj/Hex       20%          22%         3


Dungeon Overview and Level Annotations

Branches:
Dungeon (2/15)

Altars:


Innate Abilities, Weirdness & Mutations

You are very small and have problems with some larger weapons.
You are too small for most types of armour.
You have supernaturally acute eyesight. (SInv)
You cover ground extremely quickly.


Message History

You hit the kobold but do no damage.
The kobold is moderately wounded.
The kobold throws a stone.
The stone completely misses you. The kobold hits you but does no damage.
Casting: Ensorcelled Hibernation (safe; 11% risk of failure)
Confirm with . or Enter, or press ? or * to list all spells.
Aiming: Ensorcelled Hibernation (safe; 11% risk of failure)
Press: ? - help, Shift-Dir - straight line, f/p - kobold
Aim: a kobold, wielding a +0 short sword (moderately wounded, chance to affect: 59%)
The kobold looks drowsy...
The gnoll sergeant barely misses you.
The helpless kobold fails to defend itself.
You impale the kobold!!
You kill the kobold!
The gnoll sergeant hits you from afar with a +0 spear!
Ouch! That really hurt!
* * * LOW HITPOINT WARNING * * *
The kobold hits you with a +2 short sword of venom.
* * * LOW HITPOINT WARNING * * *
You are lethally poisoned!
You die...

.# #............#.#.... .#
#............#.#..#### .#
#............#.#..#.. .#
#####........'....#.#######.#
.# #........#.#>g#.........
#########........#.##.......##
#...........####...........#
#..........g#############..#
#..........gK(@.# #..#
#.......#######'#### #..#
#.......# #.....######..#.#.
#####'### #.....'<..........
#.. #.....##......###) #...
+.....+....#..# ..g..
#.....##......# ##g...
########.####.# ..... #.# .#


You could see a gnoll sergeant, a gnoll and a kobold.

Vanquished Creatures
  3 gnolls (D:2)
  A dart slug (D:2)
  A leopard gecko (D:1)
  A giant cockroach (D:2)
  3 goblins (D:1)
  3 hobgoblins
  6 bats
  4 frilled lizards (D:1)
  6 kobolds
  6 rats (D:1)
34 creatures vanquished.

Notes
Turn   | Place    | Note
-------+----------+-------------------------------------------
     0 | D:1      | teolandon225 the Spriggan Enchanter began the quest for the
                  | Orb.
     0 | D:1      | Reached XP level 1. HP: 9/9 MP: 5/5
   965 | D:1      | Reached XP level 2. HP: 13/13 MP: 4/6
   968 | D:1      | Learned a level 2 spell: Ensorcelled Hibernation
  1150 | D:1      | Reached skill level 5 in Stealth
  1996 | D:2      | Reached XP level 3. HP: 16/16 MP: 8/8
  2000 | D:2      | Learned a level 3 spell: Confusing Touch
  2144 | D:2      | Noticed a gnoll sergeant
  2368 | D:2      | Succumbed to a kobold's poison

Illustrated notes

Levels and vault maps discovered:
D:1:      lightli_iron_boxes, layout_basic
D:2:      layout_basic, lemuel_coloured_pillars_altar, lemuel_doored_altar

Skill      XL: |  1  2 |
---------------+-------+-----
Hexes          | 4 |  4.6
Stealth        | 5 |  5.9
Short Blades   | |  1.1
Dodging        | |  3.8
Spellcasting   | |  2.6

Action                   || total
-------------------------++-------
Melee: Dagger            ||    76
 Cast: Corona            ||     6
       Ensorcelled Hiber ||    21
 Stab: Sleeping          ||    22
Armor: Robe              ||     8
Dodge: Dodged            ||    83
